 Dungeon Crawl Stone Soup version 0.19.0-20-gbc5f0c6 (webtiles) character file.

133 Malachi the Sneak (level 4, -10/31 HPs)
             Began as a Demonspawn Enchanter on Nov 18, 2016.
             Killed by divine providence
             ... invoked by an orc priest
              (15 damage)
             ... on level 3 of the Dungeon.
             The game lasted 00:05:45 (4710 turns).

Malachi the Sneak (Demonspawn Enchanter)            Turns: 4710, Time: 00:05:46

Health: -10/31     AC:  3    Str:  8    XL:     4   Next: 94%
Magic:  8/17       EV:  6    Int: 18    God:
Gold:   114        SH:  0    Dex: 13    Spells: 3 memorised, 2 levels left

rFire  . . .     SeeInvis .     a - +1 dagger
rCold  . . .     Gourm    .     b - +1 robe
rNeg   . . .     Faith    .     (no shield)
rPois  .         Spirit   .     (helmet restricted)
rElec  .         Reflect  .     (no cloak)
rCorr  .         Harm     +     (no gloves)
MR     .....                    (no boots)
Stlth  ++........               p - amulet of harm
                                l - -6 ring of evasion (curse)
                                n - ring of magical power

@: very slightly contaminated
A: antennae 1, spiny 1
a: no special abilities


You were on level 3 of the Dungeon.
You were hungry.

You visited 1 branch of the dungeon, and saw 3 of its levels.

You collected 114 gold pieces.

Inventory:

Hand Weapons
 a - a +1 dagger (weapon)
 e - a +0 short sword
Missiles
 f - 67 stones (quivered)
Armour
 b - a +1 robe (worn)
Jewellery
 h - an uncursed ring of fire
 l - a cursed -6 ring of evasion (right hand)
 n - a ring of magical power (left hand)
 p - an amulet of harm (around neck)
Scrolls
 m - a scroll of identify
Potions
 g - 2 potions of curing
 k - 3 potions of brilliance {unknown}
 o - a potion of degeneration {unknown}
 q - a potion of cancellation {unknown}
 r - a potion of lignification {unknown}
 u - a potion of magic {unknown}
Books
 c - a book of Maledictions

   Spells                             Type                      Level
   a - Corona                         Hexes                        1
   b - Ensorcelled Hibernation        Hexes/Ice                    2
   c - Confuse                        Hexes                        3
   d - Tukima's Dance                 Hexes                        3
   e - Dazzling Spray                 Conjuration/Hexes            3
 t - a book of Minor Magic

   Spells                             Type                      Level
   a - Magic Dart                     Conjuration                  1
   b - Blink                          Translocation                2
   c - Call Imp                       Summoning                    2
   d - Repel Missiles                 Charms/Air                   2
   e - Slow                           Hexes                        2
   f - Conjure Flame                  Conjuration/Fire             3
   g - Mephitic Cloud                 Conjuration/Poison/Air       3
Comestibles
 d - a bread ration
 i - a meat ration
 j - a slice of pizza
 s - a royal jelly


   Skills:
 + Level 0.6 Fighting
 + Level 2.0 Short Blades
 + Level 2.2 Dodging
 + Level 3.5 Stealth
 + Level 2.9 Spellcasting
 + Level 3.4 Hexes


You had 2 spell levels left.
You knew the following spells:

 Your Spells              Type           Power        Failure   Level  Hunger
a - Corona                Hex            ###....      4%          1    None
b - Confuse               Hex            ###.....     14%         3    ###....
c - Ensorcelled Hibernat  Hex/Ice        #.....       14%         2    ##.....


Dungeon Overview and Level Annotations

Branches:
Dungeon (3/15)

Altars:


Innate Abilities, Weirdness & Mutations

You have a pair of small antennae on your head.
You are partially covered in sharp spines.


Message History

The orc priest hits you with a short sword.
You hit the orc priest but do no damage.
The orc priest is heavily wounded.
The orc priest is struck by your spines.
The orc priest hits you with a short sword.
You closely miss the orc priest.
The orc priest is almost dead.
You barely miss the orc priest.
The orc priest is almost dead.
The orc priest is struck by your spines.
The orc priest hits you with a short sword!
You hit the orc priest.
You kill the orc priest!
Your Short Blades skill increases to level 2!
The orc wizard points at you and mumbles some strange words.
The magic dart hits you!
* * * LOW HITPOINT WARNING * * *
The orc priest calls down the wrath of Beogh upon you.
Beogh smites you!
You die...

##............##.#
##.#####.###.###.## ##.#
#.# #.##...######
##.#####.###.#.........#
...##.....>.......####.#
#####.##.###.###.## #.#
# # #.# #.# #.# #.# #
#.# #.# #.# #.# #### #.#
#.# #@#####.####.# ....
... ... #..o.o)......#
.... .)# #..
#######.###### #### ##
#..######...#
.........#.#
..######..o##########
##............
#.###o....... #.#
##'#####.


You could see an orc priest and an orc wizard.

Vanquished Creatures
  An orc priest (D:3)
  3 adders (D:2)
  2 oozes (D:2)
  3 worms (D:2)
  A dart slug (D:2)
  2 leopard geckos (D:2)
  7 bats
  4 giant cockroaches
  7 goblins
  6 hobgoblins
  9 kobolds
  4 frilled lizards
  6 rats
55 creatures vanquished.

Notes
Turn   | Place    | Note
-------+----------+-------------------------------------------
     0 | D:1      | Malachi the Demonspawn Enchanter began the quest for the Orb.
     0 | D:1      | Reached XP level 1. HP: 13/13 MP: 3/3
   394 | D:2      | Reached skill level 1 in Short Blades
   976 | D:1      | Gained mutation: You are partially covered in sharp spines. [demonic ancestry]
   976 | D:1      | Reached XP level 2. HP: 19/19 MP: 5/5
  1628 | D:2      | Gained mutation: You have a pair of small antennae on your head. [demonic ancestry]
  1628 | D:2      | Reached XP level 3. HP: 11/24 MP: 6/6
  1641 | D:1      | Learned a level 3 spell: Confuse
  2895 | D:2      | Reached XP level 4. HP: 30/31 MP: 5/7
  4520 | D:2      | Learned a level 2 spell: Ensorcelled Hibernation
  4710 | D:3      | Killed from afar by an orc priest

Skill      XL: |  1  2  3  4 |
---------------+-------------+-----
Short Blades   | 1 2 |  2.0
Dodging        | 2 |  2.2
Stealth        | 3 |  3.5
Fighting       | |  0.6
Spellcasting   | |  2.9
Hexes          | |  3.4

Action                   |  1- 3 |  4- 6 || total
-------------------------+-------+-------++-------
Melee: Dagger            |   102 |    71 ||   173
 Cast: Corona            |    15 |     2 ||    17
       Confuse           |     4 |    10 ||    14
  Use: Scroll            |     2 |     2 ||     4
 Stab: Sleeping          |     5 |     3 ||     8
       Distracted        |     1 |       ||     1
       Confused          |       |     3 ||     3
  Eat: Chunk             |     6 |     2 ||     8
       Meat ration       |       |     1 ||     1
Armor: Robe              |    28 |     7 ||    35
Dodge: Dodged            |    41 |    18 ||    59
